 Dungeon Crawl Stone Soup version 0.30.0-19-g36f170ea60 (webtiles) character file.

Game seed: 5107492036708859557

157 Elliot10013 the Trooper (level 5, 0/48 HPs)
             Began as a Minotaur Berserker on May 30, 2023.
             Was a Believer of Trog.
             Slain by a rat (3 damage)
             ... on level 3 of the Dungeon.
             The game lasted 00:08:07 (2634 turns).

Elliot10013 the Trooper (Minotaur Berserker)        Turns: 2634, Time: 00:08:08

Health: 0/48       AC:  2    Str: 23 (24) XL:     5   Next: 15%
Magic:  4/4        EV: 12    Int:  4      God:    Trog [**....]
Gold:   108        SH:  0    Dex:  9      Spells: 4/4 levels left

rFire   . . .        a - +1 falchion
rCold   . . .        (no shield)
rNeg    . . .        b - +0 animal skin
rPois   .            (helmet restricted)
rElec   .            (no cloak)
rCorr   .            (no gloves)
SInv    .            (no boots)
Will    .....        (no amulet)
Stlth   +            (no ring)
HPRegen 0.28/turn    (no ring)
MPRegen 0.09/turn

%: no passive effects
@: on berserk cooldown, slowed, very slow
A: horns 2, retaliatory headbutt
a: Renounce Religion, Berserk, Trog's Hand


You were on level 3 of the Dungeon.
You worshipped Trog.
Trog was pleased with you.
You visited 1 branch of the dungeon, and saw 3 of its levels.

You collected 108 gold pieces.

Inventory:

Hand Weapons
 a - a +1 falchion (weapon)
Armour
 b - a +0 animal skin (worn)
Wands
 g - a wand of paralysis (15)
Scrolls
 c - 3 scrolls of noise
 d - 2 scrolls of identify
Potions
 e - a potion of lignification {unknown}


   Skills:
 + Level 5.2 Fighting
 + Level 4.9 Long Blades
 + Level 2.5 Armour
 + Level 3.5 Dodging
 + Level 0.4 Stealth


You had 4 spell levels left.
You didn't know any spells.
Your spell library contained the following spells:

 Spells                   Type           Power      Damage    Failure   Level
 Beastly Appendage        Tmut           0%         N/A       50%         1
 Wereblood                Tmut           0%         N/A       65%         2
 Spider Form              Tmut/Pois      0%         N/A       86%         3


Dungeon Overview and Level Annotations

Branches:
Dungeon (3/15)

Altars:

Shops:
D:2 (


Innate Abilities, Weirdness & Mutations

You have a pair of horns on your head.
You reflexively headbutt those who attack you in melee.


Message History

* * * LOW HITPOINT WARNING * * *
The dart slug barely misses you.
You barely miss the orc. You headbutt the orc.
The orc is severely wounded.
The rat bites you but does no damage.
You slash something! Trog accepts your kill.
Trog appreciates your killing of a magic user.
Reactivating autopickup.
You feel a bit more experienced. The dart slug closely misses you.
You furiously retaliate!
You headbutt the dart slug!
You feel your strength returning.
You have reached level 5!
You closely miss the quokka. You headbutt the quokka.
You kill the quokka!
Trog accepts your kill. The rat bites you.
* * * LOW HITPOINT WARNING * * *
The orc closely misses you.
You slash the orc!
You kill the orc!
Trog accepts your kill. The rat closely misses you.
The orc hits you with a +0 falchion.
* * * LOW HITPOINT WARNING * * *
The dart slug bites you.
* * * LOW HITPOINT WARNING * * *
You hit the dart slug.
You kill the dart slug!
Trog accepts your kill.
You are no longer berserk.
You are exhausted.
You feel yourself slow down. The orc hits you with a +0 falchion.
* * * LOW HITPOINT WARNING * * *
The rat barely misses you.
Items here: $ )))) [ ††††.
You barely miss the rat. Your headbutt misses the rat.
The orc hits you with a +0 falchion.
* * * LOW HITPOINT WARNING * * *
The rat barely misses you. The rat bites you.
You die...

... ... .... ... ....
.... ..... ..... ...###
####..... #. ..>#
#........
#.#####.#######o.......
#.# #
#.#..........†.@.......
...
#...<#..#######r.......
#.#### #....#...#
#####.### #.#...
#....#.#.### # #.#...
#....#.#...# # #.#...
#....#.#...#
#.#######.#...
#....#.......
#[#...........
#............
#.............
#.#..###....
###)..........


You could see an orc and a rat.

Vanquished Creatures
  An orc priest (D:3)
  An orc wizard (D:3)
  3 adders
  3 worms
  2 dart slugs
  8 orcs (D:3)
  An endoplasm (D:1)
  A giant cockroach (D:1)
  5 goblins
  4 hobgoblins
  2 jackals (D:3)
  2 quokkas
  2 ball pythons
  5 bats
  8 frilled lizards
  8 kobolds
  2 rats
58 creatures vanquished.

Notes
Turn   | Place    | Note
-------+----------+-------------------------------------------
     0 | D:1      | Elliot10013 the Minotaur Berserker began the quest for the
                  | Orb.
     0 | D:1      | Reached XP level 1. HP: 19/19 MP: 0/0
   132 | D:1      | Reached skill level 4 in Fighting
   217 | D:1      | Reached XP level 2. HP: 22/27 MP: 1/1
   350 | D:1      | You fall into a shaft and drop 1 floor!
   350 | D:2      | Found Sulic's Antique Weapon Shop.
   553 | D:2      | Reached XP level 3. HP: 8/33 MP: 2/2
   557 | D:2      | Reached ** piety under Trog
  1902 | D:3      | Reached XP level 4. HP: 20/41 MP: 3/3
  2065 | D:3      | Reached skill level 5 in Fighting
  2630 | D:3      | Reached XP level 5. HP: 17/48 MP: 4/4
  2634 | D:3      | Slain by a rat

Illustrated notes

Levels and vault maps discovered:
D:1:      minmay_arrival_wavy_path, layout_basic, chequers_decorated_corner
D:2:      layout_rooms, serial_shops, shop, roderic_lattice_a, st_stairs_13
D:3:      layout_basic, uniq_natasha

Skill      XL: |  1  2  3  4 |
---------------+-------------+-----
Fighting       | 4 5 |  5.2
Long Blades    | 4 |  4.9
Dodging        | 3 |  3.5
Armour         | |  2.5
Stealth        | |  0.4

Action                     |  1- 3 |  4- 6 || total
---------------------------+-------+-------++-------
  Melee: Falchion          |   119 |    46 ||   165
         Headbutt          |    10 |    13 ||    23
         Punch             |     3 |       ||     3
 Invoke: Berserk           |       |     1 ||     1
    Use: Scroll            |     3 |     1 ||     4
         Potion            |     2 |       ||     2
 Armour: Animal skin       |    35 |     8 ||    43
  Dodge: Dodged            |   111 |    48 ||   159
